 Dungeon Crawl Stone Soup version 0.17-a0-2127-g1cb09f6 (webtiles) character file.

81 wvc the Chopper (level 4, -5/36 HPs)
             Began as a Minotaur Wizard on Oct 23, 2015.
             Slain by Sigmund
             ... wielding a +0 scythe
              (6 damage)
             ... on level 2 of the Dungeon.
             The game lasted 00:04:02 (2371 turns).

wvc the Chopper (Minotaur Wizard)                   Turns: 2371, Time: 00:04:02

Health: -5/36      AC:  8    Str: 12    XL:     4   Next: 20%
Magic:  0/6        EV:  5    Int: 16    God:
Gold:   157        SH:  0    Dex:  8    Spells: 1 memorised, 6 levels left

rFire  . . .     SeeInvis .     i - +0 hand axe
rCold  . . .     Clarity  .     e - +0 chain mail
rNeg   . . .     SustAt   .     (no shield)
rPois  .         Gourm    .     b - +0 hat
rElec  .         Spirit   +     (no cloak)
rCorr  .         Warding  .     (no gloves)
rMut   .         Stasis   .     (no boots)
MR     .....                    m - amulet of guardian spirit
Stlth  ..........               (no ring)
                                (no ring)

@: not resistant to hostile enchantments, extremely unstealthy
A: retaliatory headbutt, horns 2
a: no special abilities


You were on level 2 of the Dungeon.
You were not hungry.

You visited 1 branch of the dungeon, and saw 2 of its levels.

You collected 157 gold pieces.

Inventory:

Hand Weapons
 g - a +0 club
 i - a +0 hand axe (weapon)
Armour
 a - a +0 robe
 b - a +0 hat (worn)
 e - a +0 chain mail (worn)
Jewellery
 m - an amulet of guardian spirit (around neck)
Scrolls
 f - 3 scrolls of enchant weapon {unknown}
 h - 3 scrolls of remove curse {unknown}
 o - 2 scrolls of fear {unknown}
Books
 c - a book of Minor Magic

   Spells                             Type                      Level
   a - Magic Dart                     Conjuration                  1
   b - Blink                          Translocation                2
   c - Call Imp                       Summoning                    2
   d - Repel Missiles                 Charms/Air                   2
   e - Slow                           Hexes                        2
   f - Conjure Flame                  Conjuration/Fire             3
   g - Mephitic Cloud                 Conjuration/Poison/Air       3
Comestibles
 d - 3 bread rations


   Skills:
 - Level 2.0 Fighting
 * Level 3.1 Axes
 - Level 0.2(1.9) Maces & Flails
 + Level 2.2 Armour
 - Level 2.1 Dodging
 - Level 1.5 Stealth
 - Level 2.1 Spellcasting
 - Level 0.6 Conjurations
   Level 0.6 Summonings
   Level 0.6 Translocations


You had 6 spell levels left.
You knew the following spells:

 Your Spells              Type           Power        Failure   Level  Hunger
a - Magic Dart            Conj           #...         100%        1    #......


Dungeon Overview and Level Annotations

Branches:
Dungeon (2/15)

Altars:

Annotations:
D:2 Sigmund


Innate Abilities, Weirdness & Mutations

You reflexively headbutt those who attack you in melee.
You have a pair of horns on your head.


Message History

* * * LOW HITPOINT WARNING * * *
You barely miss Sigmund.
Sigmund is moderately wounded.
Sigmund hits you with a scythe.
* * * LOW HITPOINT WARNING * * *
You closely miss Sigmund.
Sigmund is moderately wounded.
You hit Sigmund. Your headbutt misses Sigmund.
Sigmund is moderately wounded.
Sigmund hits you with a scythe.
* * * LOW HITPOINT WARNING * * *
Your chain mail prevents you from hitting Sigmund.
Sigmund is moderately wounded.
Sigmund's eyes start glowing with a red light.
Sigmund hits you with a scythe!
* * * LOW HITPOINT WARNING * * *
You hit Sigmund. You headbutt Sigmund!
Sigmund is severely wounded.
Sigmund hits you with a scythe.
You die...

####### #.....#
#.....###############
#.....'..............
#.....##############.
#.....# #. #..@@.# #.
##'######. #.
#......'. #.
#.######. ## ###.#
#.# #...# .. #...#
#.# #...# #.. # #...#
#.# #


You could see Sigmund.

Vanquished Creatures
  3 adders (D:2)
  6 worms (D:2)
  2 giant geckos (D:2)
  2 goblins (D:2)
  3 hobgoblins
  6 kobolds
  A quokka (D:2)
  6 bats
  2 giant newts
  5 rats
36 creatures vanquished.

Notes
Turn   | Place    | Note
--------------------------------------------------------------
     0 | D:1      | wvc the Minotaur Wizard began the quest for the Orb.
     0 | D:1      | Reached XP level 1. HP: 14/14 MP: 2/2
   169 | D:1      | Reached skill level 1 in Fighting
   259 | D:1      | Reached XP level 2. HP: 20/23 MP: 4/4
   483 | D:2      | Reached skill level 1 in Axes
  1128 | D:2      | Reached skill level 1 in Armour
  1128 | D:2      | Reached XP level 3. HP: 18/29 MP: 5/5
  1764 | D:2      | Reached XP level 4. HP: 22/36 MP: 6/6
  2106 | D:2      | Reached skill level 3 in Axes
  2177 | D:2      | Noticed Sigmund
  2370 | D:2      | HP: 1/36 [Sigmund/scythe (6)]
  2371 | D:2      | Slain by Sigmund

Vault maps used:
D:1:      scummos_arrival_checkerplants
D:2:      grunt_ministairs_13, uniq_sigmund

Action                   |  1- 3 |  4- 6 || total
-------------------------+-------+-------++-------
Melee: Unarmed           |    23 |     2 ||    25
       Hand axe          |   126 |    55 ||   181
       Club              |     4 |       ||     4
  Use: Potion            |     1 |     2 ||     3
  Eat: Chunk             |     3 |     2 ||     5
